 Dungeon Sprint DCSS version 0.31-a0-339-gda1cbd555d (webtiles) character file.

Game seed: 11507048022087669172

19700000 Monkooky the Ninja (level 27, -103/199 HPs)
             Began as a Kobold Warper on July 20, 2023.
             Was the Champion of Makhleb.
             Annihilated by a fleshlord
             ... wielding a +9 great mace
              (302 damage)
             ... in the Dungeon (Sprint VIII: "Arena of Blood").
             The game lasted 00:07:03 (197 turns).

Monkooky the Ninja (Kobold Warper)                   Turns: 197, Time: 00:07:03

Health: -103/199   AC:  6    Str:  9    XL:     27
Magic:  49/54      EV: 35    Int: 22    God:    Makhleb [******]
Gold:   0          SH:  0    Dex: 20    Spells: 73/80 levels left

rFire   . . .        j - +∞ Axe of Woe
rCold   . . .        (shield currently unavailable)
rNeg    . . .        b - +0 leather armour
rPois   .            (no helmet)
rElec   .            (no cloak)
rCorr   .            (no gloves)
SInv    +            (no boots)
Will    ++...        (no amulet) Stlth *+++++++++
                     g - ring of see invisible
HPRegen 0.53/turn    (no ring)
MPRegen 0.34/turn

%: no teleportation
@: no status effects
A: small, no large weapons, nightstalker 3
a: Renounce Religion, Minor Destruction, Lesser Servant of Makhleb, Major
Destruction, Greater Servant of Makhleb


You were in the Dungeon.
You worshipped Makhleb.
Makhleb was exalted by your worship.
You visited 1 branch

Inventory:

Hand Weapons
 a - a +0 hand axe
 j - the +∞ Axe of Woe (weapon)
   (You found it in the Dungeon)
Missiles
 d - 7 boomerangs of dispersal
Armour
 b - a +0 leather armour (worn)
Jewellery
 g - a ring of see invisible (left hand)
 k - a +30 ring of slaying
 l - a +30 ring of slaying
 m - a +30 ring of slaying
 n - a +30 ring of slaying
Scrolls
 c - 2 scrolls of blinking
Potions
 e - a potion of curing
 f - a potion of heal wounds
 h - a potion of magic
 i - a potion of berserk rage


   Skills:
 O Level 27 Fighting
 O Level 27 Short Blades
 O Level 27 Long Blades
 O Level 27 Axes
 O Level 27 Maces & Flails
 O Level 27 Polearms
 O Level 27 Staves
 O Level 27 Ranged Weapons
 O Level 27 Throwing
 O Level 27 Armour
 O Level 27 Dodging
 O Level 27 Stealth
 O Level 27 Shields
 O Level 27 Unarmed Combat
 O Level 27 Spellcasting
 O Level 27 Conjurations
 O Level 27 Hexes
 O Level 27 Summonings
 O Level 27 Necromancy
 O Level 27 Translocations
 O Level 27 Transmutations
 O Level 27 Fire Magic
 O Level 27 Ice Magic
 O Level 27 Air Magic
 O Level 27 Earth Magic
 O Level 27 Poison Magic
 O Level 27 Invocations
 O Level 27 Evocations
 O Level 27 Shapeshifting


You had 73 spell levels left.
You knew the following spells:

 Your Spells              Type           Power      Damage    Failure   Level
a - Manifold Assault      Tloc           99%        N/A       0%          4
b - Vhi's Electric Charg  Tloc/Air       100%       N/A       0%          3

Your spell library contained the following spells:

 Spells                   Type           Power      Damage    Failure   Level
 Blink                    Tloc           100%       N/A       0%          2
 Lesser Beckoning         Tloc           100%       N/A       0%          2
 Teleport Other           Tloc           99%        N/A       0%          3


Dungeon Overview and Level Annotations

Branches:
Dungeon (1/1)

Altars:
Makhleb


Innate Abilities, Weirdness & Mutations

You are small and have problems with some larger weapons.
You are completely attuned to the shadows.


Message History

You fatally mangle the meat berserker.
You kill the meat berserker!
Makhleb accepts your kill.
You feel better.
You hit the bag of meat.
You dissect the bag of meat like a pig carcass.
You kill the bag of meat!
Makhleb accepts your kill.
You feel better.
You hit the wretched soul.
You dissect the wretched soul like a pig carcass.
You destroy the wretched soul!
Makhleb accepts your kill.
You slash the meat berserker!
You dissect the meat berserker like a pig carcass.
You kill the meat berserker!
Makhleb accepts your kill.
You feel better.
You hear an angry hiss.
You hear a shout!
Something shouts, "I shall devour thy spine!"
You hear a shout! x7
Unknown command.
Magic courses through your body.
The fleshlord appears out of thin air!
A fleshlord comes into view. It is wielding a +9 great mace.
You hear a shout! x4
Your balrug hits the fleshlord with a +0 demon whip!!
The fleshlord is engulfed in flames.
The fleshlord completely resists.
Your Executioner gestures.
Your Executioner seems to speed up.
Your blizzard demon barely misses the fleshlord. x2
You hear a shout! x3
You swap places.
You hear an angry hiss.
You hear a shout! x3
A dread comes into view.
You hear a shout!
Your balrug hits the fleshlord with a +0 demon whip!
The fleshlord is engulfed in flames.
The fleshlord completely resists.
You hear a shout! x8
The fleshlord hits you with a +9 great mace!!!!!!
Ouch! That really hurt!
You die...

#....§§o###.
#.....)§# .#....§§§#.
......).... ..
.............#)†. p.
............#)§.. ...
.....○.)..##W§)☼.#)..
#..§○○)†.#22p§°○#).).
...§))...#.@)###))).#
#.#§.....)).†.))).#..
.....)W.)))....)....
...#..)))####........
........)))#)......##
....†..).)).....####
............####
#############


You could see a fleshlord (ally target), a dread, a friendly balrug (summoned)
and a friendly blizzard demon (summoned).

Vanquished Creatures
  6 hell knights (D)
  6 hell beasts (D)
  A royal mummy (D)
  3 great orbs of eyes (D)
  10 wraiths (D)
  6 vampire knights (D)
  24 ogres (D)
  6 two-headed ogres (D)
  3 liches (D)
  4 hydras (D)
  2 phantoms (D)
  38 orcs (D)
  2 skeletal warriors (D)
  6 sea snakes (D)
117 creatures vanquished.

Vanquished Creatures (collateral kills)
  A two-headed ogre (D)
1 creature vanquished.

Grand Total: 118 creatures vanquished

Notes
Turn   | Place    | Note
-------+----------+-------------------------------------------
     0 | D        | Found the +∞ Axe of Woe
     0 | D        | Monkooky the Kobold Warper began the quest for the Orb.
     0 | D        | Reached XP level 1. HP: 12/12 MP: 3/3
     3 | D        | Became a worshipper of Makhleb the Destroyer
     4 | D        | Noticed a bag of meat
     4 | D        | Noticed a bag of meat
     5 | D        | Noticed a bag of meat
     5 | D        | Noticed a bag of meat
     5 | D        | Noticed a meat berserker
     6 | D        | Noticed a bag of meat
     6 | D        | Killed a bag of meat
     7 | D        | Reached XP level 2. HP: 17/17 MP: 5/5
     7 | D        | Reached XP level 3. HP: 21/21 MP: 6/6
     7 | D        | Reached XP level 4. HP: 26/26 MP: 7/7
     7 | D        | Reached XP level 5. HP: 30/30 MP: 8/8
     7 | D        | Reached XP level 6. HP: 35/35 MP: 9/9
     7 | D        | Reached XP level 7. HP: 40/40 MP: 10/10
     7 | D        | Reached XP level 8. HP: 44/44 MP: 11/11
     7 | D        | Reached XP level 9. HP: 48/48 MP: 12/12
     7 | D        | Reached XP level 10. HP: 53/53 MP: 13/13
     7 | D        | Reached XP level 11. HP: 57/57 MP: 14/14
     7 | D        | Killed a meat berserker
     7 | D        | Reached * piety under Makhleb
     7 | D        | Killed a bag of meat
     8 | D        | Reached XP level 12. HP: 62/62 MP: 14/25
     8 | D        | Reached XP level 13. HP: 66/66 MP: 14/26
     8 | D        | Killed a bag of meat
     8 | D        | Killed a bag of meat
     8 | D        | Reached ** piety under Makhleb
     8 | D        | Killed a bag of meat
     9 | D        | Reached skill level 27 in Stealth
     9 | D        | Reached XP level 14. HP: 72/72 MP: 14/30
    15 | D        | Learned a level 4 spell: Manifold Assault
    16 | D        | Noticed a meat berserker
    19 | D        | Learned a level 3 spell: Vhi's Electric Charge
    19 | D        | Noticed a bag of meat
    21 | D        | Killed a meat berserker
    22 | D        | Reached XP level 15. HP: 97/97 MP: 16/31
    22 | D        | Noticed a meat berserker
    23 | D        | Noticed a destroyer
    23 | D        | Reached *** piety under Makhleb
    24 | D        | Reached skill level 15 in Fighting
    24 | D        | Reached skill level 15 in Dodging
    25 | D        | Noticed a destroyer
    25 | D        | Killed a destroyer
    25 | D        | Killed a destroyer
    26 | D        | Reached XP level 16. HP: 108/108 MP: 16/32
    26 | D        | Noticed a large bag of meat
    27 | D        | Killed a meat berserker
    27 | D        | Reached **** piety under Makhleb
    28 | D        | Reached XP level 17. HP: 113/113 MP: 16/33
    31 | D        | Killed a large bag of meat
    32 | D        | Reached skill level 15 in Spellcasting
    32 | D        | Reached skill level 27 in Translocations
    35 | D        | Noticed an eight-headed meat hydra
    35 | D        | Noticed a large bag of meat
    36 | D        | Noticed a meat berserker
    37 | D        | Noticed a meat berserker
    38 | D        | Killed an eight-headed meat hydra
    39 | D        | Reached XP level 18. HP: 119/119 MP: 18/44
    39 | D        | Noticed a large bag of meat
    40 | D        | Killed a meat berserker
    40 | D        | Reached ***** piety under Makhleb
    40 | D        | Killed a large bag of meat
    40 | D        | Noticed a destroyer
    41 | D        | Reached skill level 27 in Spellcasting
    42 | D        | Noticed a meat berserker
    42 | D        | Noticed a destroyer
    44 | D        | Killed a destroyer
    44 | D        | Killed a large bag of meat
    44 | D        | Killed a meat berserker
    44 | D        | Noticed a sculptor of flesh
    45 | D        | Reached skill level 27 in Fighting
    45 | D        | Reached skill level 27 in Dodging
    45 | D        | Reached XP level 19. HP: 88/151 MP: 19/50
    46 | D        | Killed a meat berserker
    46 | D        | Reached ****** piety under Makhleb
    46 | D        | Noticed a meat berserker
    47 | D        | Reached XP level 20. HP: 112/157 MP: 19/51
    50 | D        | Killed a meat berserker
    51 | D        | Reached skill level 27 in Axes
    51 | D        | Reached skill level 10 in Throwing
    52 | D        | Reached skill level 10 in Armour
    58 | D        | Noticed a tyrant
    58 | D        | Killed a tyrant
    61 | D        | Killed a destroyer
    61 | D        | Noticed a meat berserker
    62 | D        | Reached XP level 21. HP: 163/163 MP: 22/52
    63 | D        | Noticed a large bag of meat
    64 | D        | Killed a meat berserker
    66 | D        | Killed a large bag of meat
    66 | D        | Noticed a meat beast
    67 | D        | Reached skill level 27 in Throwing
    72 | D        | Killed a meat beast
    73 | D        | Reached skill level 27 in Armour
    73 | D        | Reached XP level 22. HP: 169/169 MP: 25/53
    73 | D        | Noticed a meat beast
    75 | D        | Killed a meat beast
    76 | D        | Reached XP level 23. HP: 175/175 MP: 26/54
    79 | D        | Noticed a dread
   100 | D        | Noticed a tyrant
   101 | D        | Reached skill level 10 in Unarmed Combat
   101 | D        | Reached skill level 10 in Conjurations
   101 | D        | Reached skill level 10 in Hexes
   101 | D        | Reached skill level 10 in Summonings
   101 | D        | Reached skill level 10 in Necromancy
   101 | D        | Reached skill level 10 in Transmutations
   101 | D        | Reached skill level 10 in Fire Magic
   101 | D        | Reached skill level 10 in Ice Magic
   101 | D        | Reached skill level 10 in Air Magic
   101 | D        | Reached skill level 10 in Earth Magic
   101 | D        | Reached skill level 10 in Poison Magic
   101 | D        | Killed a tyrant
   102 | D        | Reached XP level 24. HP: 71/181 MP: 34/54
   102 | D        | Noticed a tyrant
   104 | D        | Reached skill level 15 in Short Blades
   104 | D        | Reached skill level 10 in Long Blades
   104 | D        | Reached skill level 10 in Maces & Flails
   104 | D        | Reached skill level 10 in Polearms
   104 | D        | Reached skill level 15 in Ranged Weapons
   104 | D        | Reached skill level 10 in Shields
   104 | D        | Reached skill level 10 in Shapeshifting
   104 | D        | Killed a tyrant
   105 | D        | Reached skill level 27 in Invocations
   108 | D        | Killed a dread
   108 | D        | Noticed a meat beast
   109 | D        | Reached XP level 25. HP: 156/187 MP: 32/54
   112 | D        | Killed a meat beast
   113 | D        | Reached skill level 15 in Summonings
   113 | D        | Reached skill level 15 in Earth Magic
   113 | D        | Reached skill level 15 in Poison Magic
   116 | D        | Reached skill level 15 in Unarmed Combat
   116 | D        | Reached skill level 15 in Conjurations
   116 | D        | Reached skill level 15 in Hexes
   116 | D        | Reached skill level 15 in Necromancy
   116 | D        | Reached skill level 15 in Transmutations
   116 | D        | Reached skill level 15 in Fire Magic
   116 | D        | Reached skill level 15 in Ice Magic
   116 | D        | Reached skill level 15 in Air Magic
   118 | D        | Noticed a dread
   119 | D        | Noticed a meat beast
   121 | D        | Reached XP level 26. HP: 193/193 MP: 36/54
   121 | D        | Killed a meat beast
   122 | D        | Reached skill level 15 in Maces & Flails
   122 | D        | Reached skill level 15 in Shapeshifting
   122 | D        | Killed a dread
   123 | D        | Reached skill level 15 in Long Blades
   123 | D        | Reached skill level 15 in Polearms
   123 | D        | Reached skill level 15 in Shields
   123 | D        | Reached XP level 27. HP: 156/199 MP: 32/54
   129 | D        | Noticed a destroyer
   132 | D        | Noticed a fleshlord
   135 | D        | Killed a destroyer
   139 | D        | Noticed a dread
   139 | D        | Killed a dread
   146 | D        | Noticed a fleshlord
   149 | D        | Killed a fleshlord
   150 | D        | Reached skill level 27 in Short Blades
   150 | D        | Reached skill level 27 in Ranged Weapons
   150 | D        | Reached skill level 27 in Evocations
   150 | D        | Noticed a meat beast
   151 | D        | Noticed a dread
   152 | D        | Killed a meat beast
   154 | D        | Killed a dread
   156 | D        | Noticed a large bag of meat
   156 | D        | Noticed a large bag of meat
   156 | D        | Noticed a meat beast
   157 | D        | Noticed a fleshlord
   157 | D        | Noticed a tyrant
   158 | D        | Noticed a dread
   158 | D        | Killed a large bag of meat
   158 | D        | Noticed an accursed
   159 | D        | Killed a meat beast
   159 | D        | Killed a large bag of meat
   160 | D        | Reached skill level 27 in Summonings
   160 | D        | Reached skill level 27 in Earth Magic
   160 | D        | Reached skill level 27 in Poison Magic
   160 | D        | Noticed a fleshlord
   164 | D        | Reached skill level 27 in Unarmed Combat
   164 | D        | Reached skill level 27 in Conjurations
   164 | D        | Reached skill level 27 in Hexes
   164 | D        | Reached skill level 27 in Necromancy
   164 | D        | Reached skill level 27 in Transmutations
   164 | D        | Reached skill level 27 in Fire Magic
   164 | D        | Reached skill level 27 in Ice Magic
   164 | D        | Reached skill level 27 in Air Magic
   164 | D        | Noticed a dread
   164 | D        | Killed a dread
   165 | D        | Reached skill level 27 in Maces & Flails
   165 | D        | Noticed a destroyer
   166 | D        | Reached skill level 27 in Long Blades
   166 | D        | Reached skill level 27 in Polearms
   166 | D        | Reached skill level 27 in Shields
   166 | D        | Reached skill level 27 in Shapeshifting
   166 | D        | Killed a fleshlord
   166 | D        | Killed a dread
   167 | D        | Reached skill level 27 in Staves
   168 | D        | Killed a fleshlord
   169 | D        | Noticed a fleshlord
   170 | D        | Killed a destroyer
   171 | D        | Killed a fleshlord
   182 | D        | Noticed a dread
   182 | D        | Noticed a dread
   183 | D        | Noticed a large bag of meat
   184 | D        | Killed a dread
   184 | D        | Noticed a dread
   185 | D        | Noticed a fleshlord
   187 | D        | Killed a dread
   187 | D        | Killed a fleshlord
   187 | D        | Killed a large bag of meat
   187 | D        | Noticed a dread
   188 | D        | Killed a dread
   188 | D        | Killed a dread
   188 | D        | Noticed a fleshlord
   190 | D        | Noticed an accursed
   191 | D        | Killed an accursed
   191 | D        | Killed a fleshlord
   197 | D        | Noticed a fleshlord
   197 | D        | Noticed a dread
   197 | D        | Annihilated by a fleshlord

Illustrated notes

Levels and vault maps discovered:
D:        meatsprint

Skill      XL: |  1  2  3  4  5  6  7  8  9 10 11 12 13 14 15 16 17 18 19 20 21 22 23 24 25 26 27 |
---------------+----------------------------------------------------------------------------------+-----
Axes           | 21 22 25 27 | 27.0
Stealth        | 22 27 | 27.0
Invocations    | 18 24 26 27 | 27.0
Fighting       | 12 15 27 | 27.0
Dodging        | 13 15 27 | 27.0
Spellcasting   | 9 11 22 27 | 27.0
Translocations | 22 25 27 | 27.0
Throwing       | 22 27 | 27.0
Armour         | 17 27 | 27.0
Short Blades   | 12 13 17 20 23 27 | 27.0
Long Blades    | 7 9 11 13 15 27 | 27.0
Maces & Flails | 8 9 12 14 17 27 | 27.0
Polearms       | 7 9 11 13 15 27 | 27.0
Ranged Weapons | 12 13 17 20 23 27 | 27.0
Shields        | 7 9 11 13 15 27 | 27.0
Unarmed Combat | 9 10 13 15 18 27 | 27.0
Conjurations   | 9 10 13 15 18 27 | 27.0
Hexes          | 9 10 13 15 18 27 | 27.0
Summonings     | 9 10 13 16 19 27 | 27.0
Necromancy     | 9 10 13 15 18 27 | 27.0
Transmutations | 9 10 13 15 18 27 | 27.0
Fire Magic     | 9 10 13 15 18 27 | 27.0
Ice Magic      | 9 10 13 15 18 27 | 27.0
Air Magic      | 9 10 13 15 18 27 | 27.0
Earth Magic    | 9 10 13 16 19 27 | 27.0
Poison Magic   | 9 10 13 16 19 27 | 27.0
Evocations     | 11 12 16 19 22 27 | 27.0
Shapeshifting  | 7 9 11 13 16 27 | 27.0
Staves         | 27 | 27.0

Action                     |  1- 3 |  4- 6 |  7- 9 | 10-12 | 13-15 | 16-18 | 19-21 | 22-24 | 25-27 || total
---------------------------+-------+-------+-------+-------+-------+-------+-------+-------+-------++-------
  Melee: Broad axe         |     1 |       |       |     1 |     4 |     6 |     9 |     8 |    60 ||    89
   Cast: Manifold Assault  |       |       |       |       |       |       |       |     1 |     8 ||     9
 Invoke: Greater Servant o |       |       |       |       |       |       |       |       |     6 ||     6
    Use: Potion            |       |       |       |       |     1 |       |       |       |     1 ||     2
 Armour: Leather armour    |       |       |       |       |       |       |       |     1 |       ||     1
  Dodge: Dodged            |       |       |       |       |       |       |     2 |     2 |     2 ||     6

Table legend: (Time is in decaauts)
 A = Elapsed time spent in this place.
 B = Non-inter-level travel time spent in this place.
 C = Inter-level travel time spent in this place.
 D = Time resting spent in this place.
 E = Time spent auto-exploring this place.
 F = Levels seen in this place.
 G = Mean time per level.
                   A        B        C        D        E       F      G
               +--------+--------+--------+--------+--------+-----+--------+
         Total |    158 |    158 |      0 |     15 |      0 |   1 |  158.0 |
       Dungeon |    158 |    158 |      0 |     15 |      0 |   1 |  158.0 |
               +--------+--------+--------+--------+--------+-----+--------+

Top non-repeatable levels by time:
       D: 158 daAuts
